 Dungeon Crawl Stone Soup version 0.16-a0-1009-g0339a9e (webtiles) character file.

4 MackTheKnife the Caller (level 1, -3/13 HPs)
             Began as a Merfolk Summoner on Oct 3, 2014.
             Slain by a hobgoblin
             ... wielding a cursed -1 club
              (5 damage)
             ... on Level 1 of the Dungeon.
             The game lasted 00:00:52 (331 turns).

MackTheKnife the Caller (Merfolk Summoner)           Turns: 331, Time: 00:00:53

HP  -3/13        AC  2     Str  8      XL: 1   Next: 70%
MP   2/3         EV 13     Int 14      God:
Gold 0           SH  0     Dex 14      Spells:  1 memorised,  3 levels left

rFire  . . .     SeeInvis .     (no weapon)
rCold  . . .     Clarity  .     a - +0 robe
rNeg   . . .     rCorr    .     (no shield)
rPois  .         rRot     .     (no helmet)
rElec  .         Spirit   .     (no cloak)
SustAb .         Warding  .     (no gloves)
rMut   .         Stasis   .     (no boots)
Gourm  .                        (no amulet)
MR     .....                    (no ring)
                                (no ring)

@: not resistant to hostile enchantments, unstealthy
A: change form in water, swift swim
a: no special abilities


You were on level 1 of the Dungeon.
You were not hungry.

You visited 1 branch of the dungeon, and saw 1 of its levels.


   Skills:
 - Level 2.6 Dodging
 - Level 2.1 Stealth
 - Level 2.0 Spellcasting
 + Level 4.2 Summonings


You had 3 spell levels left.
You knew the following spells:

 Your Spells              Type           Power        Failure   Level  Hunger
z - Summon Small Mammal   Summ           ##..         4%          1    ##.....

Inventory:

Armour
 a - a +0 robe (worn)
Comestibles
 c - a bread ration
Scrolls
 d - a scroll of remove curse {unknown}
 e - a scroll of identify {unknown}
Books
 b - a book of Callings

   Spells                             Type                      Level
   *Summon Small Mammal               Summoning                    1
   Call Imp                           Summoning                    2
   Call Canine Familiar               Summoning                    3
   Summon Guardian Golem              Hexes/Summoning              4
   Summon Lightning Spire             Summoning/Air                4
   Summon Ice Beast                   Ice/Summoning                4

▒9▒·▒o▒···▒ ▒▒▒·▒▒▒%··▒
▒h▒·▒f▒···▒ ▒▒▒·▒▒▒·>·▒
▒K▒·▒p▒···▒
▒▒▒·▒▒▒···▒▒▒▒▒▒▒ ·
▒p▒·▒T▒···▒·····▒ ···
▒▒▒·▒▒▒▒▒·▒····r▒▒▒······
▒N▒·▒H▒········mg········
▒▒▒·▒▒▒·▒·▒····b▒▒▒······
▒x▒·▒a▒·▒·▒·····▒ ···
▒▒▒·▒▒▒·▒·▒·····▒ ·
▒M▒·▒O▒·▒·▒·····▒
▒▒▒·▒▒▒·▒·▒·····▒
▒n▒·▒m▒·▒·▒▒▒▒▒▒▒
▒▒▒·▒▒▒·▒·▒ ▒c▒·▒Q▒·▒·▒


You could see a hobgoblin, a friendly quokka and a friendly bat.


Message History

A goblin is nearby!
There is an open door here.
Unknown command.
The goblin shouts!
There is an open door here.
A kobold comes into view.
A hobgoblin comes into view. It is wielding a club.
The goblin hits you.
You barely miss the goblin. The goblin barely misses you.
You hit the goblin but do no damage.
Your quokka bites the goblin.
The goblin dies!
The kobold misses you.
There is an open door here.
You see here a goblin corpse.
You hit the kobold but do no damage. The kobold hits you.
You completely miss the kobold. The kobold closely misses you.
You hit the kobold but do no damage. The kobold hits you.
You closely miss the kobold. The kobold hits you.
* * * LOW HITPOINT WARNING * * *
You barely miss the kobold. The kobold misses you.
You hit the kobold.
The kobold is heavily wounded.
Your quokka bites the kobold.
The kobold dies!
You hit the hobgoblin but do no damage. The hobgoblin hits you with a club.
* * * LOW HITPOINT WARNING * * *
You hit the hobgoblin.
The hobgoblin is severely wounded.
The hobgoblin hits you with a club.
You die...

Action                   || total
-------------------------++-------
Melee: Unarmed           ||    14
 Cast: Summon Small Mamm ||     7

Vault maps used:
D:1:      kb_arrival_jail

Notes
Turn   | Place    | Note
--------------------------------------------------------------
     0 | D:1      | MackTheKnife, the Merfolk Summoner, began the quest for the Orb.
     0 | D:1      | Reached XP level 1. HP: 13/13 MP: 3/3
     2 | D:1      | Noticed a spriggan
     4 | D:1      | Noticed an elf
     6 | D:1      | Noticed a dwarf
     6 | D:1      | Noticed a vampire
     8 | D:1      | Noticed a demonspawn
     8 | D:1      | Noticed a draconian
    10 | D:1      | Noticed a centaur
    10 | D:1      | Noticed a tengu
    12 | D:1      | Noticed a ghoul
    12 | D:1      | Noticed a merfolk
    14 | D:1      | Noticed an ogre
    16 | D:1      | Noticed an octopode
    16 | D:1      | Noticed a formicid
    18 | D:1      | Noticed a naga
    18 | D:1      | Noticed a minotaur
    20 | D:1      | Noticed a demigod
    20 | D:1      | Noticed a troll
    22 | D:1      | Noticed a human
    24 | D:1      | Noticed a felid
    24 | D:1      | Noticed a vine stalker
    26 | D:1      | Noticed a gargoyle
   331 | D:1      | Slain by a hobgoblin

Vanquished Creatures (collateral kills)
  A hobgoblin (D:1)
  A kobold (D:1)
  A giant newt (D:1)
  A goblin (D:1)
  2 rats (D:1)
6 creatures vanquished.

Vanquished Creatures (others)
  A bat (D:1)
  A rat (D:1)
2 creatures vanquished.

Grand Total: 8 creatures vanquished
